AoeStats
← Red Leader

Team Islands

503687819Analyzed
4v4 RM · 1mo ago on Sep 1, 2026· 50m 0s· 8 players
Game mode
Random Map
Map size
242×242
Population
200
Speed
Normal
Resources
Standard
Victory
Conquest
Starting age
Dark Age
Ending age
Imperial Age
RankedLock teamsTeams togetherTeam positionsShared explorationLock speedFull tech treeHidden civsTurbo modeCheats
Victory
Defeat
🇩🇪 Dravidians · Germany
902
+12
🇩🇪 Goths · Germany
857
+14
🇩🇪 Koreans · Germany
819
+16
🇩🇪 Britons · Germany
805
+17
🇩🇴 Sicilians · Dominican Republic
831
-15
🇺🇸 Mongols · United States
826
-15
🇫🇷 Wei · France
814
-15
🇵🇱 Japanese · Poland
795
-14
E_A_bad_monkey
10:20 Feudal Age
10:59 Horse Collar
12:04 Double-Bit Axe
13:55 Fishing Lines
16:32 Wheelbarrow
15:53 Gold Mining
16:16 Stone Mining
19:18 Castle Age
20:13 Bow Saw
20:07 Heavy Plow
20:45 Gold Shaft Mining
20:11 Gillnets
22:36 Medium Warships
31:48 Imperial Age
29:37 Hand Cart
29:08 Loom
29:09 Town Watch
29:57 Clinker Construction
29:57 Careening
34:13 Heavy Warships
36:34 Carvel Hull
36:38 Ballistics
37:18 Chemistry
40:46 Heavy Hei Guang Cavalry
41:26 Husbandry
41:37 Bloodlines
49:23 Forging
49:13 Scale Mail Armor
49:19 Scale Barding Armor
qbk
11:05 Loom
12:55 Feudal Age
16:12 Wheelbarrow
15:41 Double-Bit Axe
23:38 Town Watch
23:47 Gold Mining
27:04 Castle Age
24:54 Town Watch
26:33 Stone Mining
26:52 Fletching
27:03 Padded Archer Armor
27:14 Scale Mail Armor
27:25 Forging
28:13 Man-at-Arms
28:40 Gambesons
29:05 Squires
28:51 Arson
28:38 Man-at-Arms
SerRojass
3:55 Loom
11:30 Feudal Age
13:34 Wheelbarrow
13:20 Double-Bit Axe
13:41 Horse Collar
20:29 Gold Mining
24:50 Castle Age
22:51 Town Watch
25:43 Forging
25:34 Scale Mail Armor
30:42 Arson
31:14 Squires
32:39 Gambesons
FlorgeJoyd
zaxolinchen
11:02 Feudal Age
15:36 Castle Age
13:34 Double-Bit Axe
13:45 Horse Collar
18:59 Wheelbarrow
19:44 Loom
22:01 Bow Saw
22:19 Heavy Plow
22:41 Gold Mining
22:47 Stone Mining
25:08 Hand Cart
26:17 Anarchy
31:38 Imperial Age
29:17 Scale Mail Armor
29:37 Forging
29:53 Caravan
31:56 Iron Casting
31:37 Chain Mail Armor
34:37 Two-Man Saw
34:11 Crop Rotation
35:04 Blast Furnace
36:54 Perfusion
36:17 Elite Huskarl
41:53 Crossbowman
42:34 Fletching
42:44 Padded Archer Armor
bjoern4tel
11:57 Feudal Age
13:18 Double-Bit Axe
14:44 Fishing Lines
20:41 Castle Age
21:46 Gillnets
22:56 Medium Warships
25:19 Fletching
31:27 Ballistics
40:39 Imperial Age
41:40 Wheelbarrow
40:54 Horse Collar
43:13 Chemistry
42:24 Careening
42:25 Clinker Construction
42:29 Bow Saw
43:54 Hand Cart
45:58 Heavy Warships
46:57 Elite Cannon Galleon
49:53 Bodkin Arrow
Red Leader
10:00 Loom
12:58 Feudal Age
13:25 Fishing Lines
13:41 Double-Bit Axe
17:09 Wheelbarrow
21:28 Castle Age
22:25 Medium Warships
22:05 Gillnets
22:48 Hand Cart
23:20 Bow Saw
28:12 Imperial Age
27:09 Town Watch
27:13 Horse Collar
29:34 Town Patrol
29:09 Elite Elephant Archer
30:53 Fletching
31:05 Padded Archer Armor
31:03 Gold Mining
31:37 Ballistics
32:43 Thumb Ring
34:59 Heavy Plow
36:12 Bodkin Arrow
36:33 Careening
39:01 Chemistry
42:42 Bracer
42:58 Leather Archer Armor
46:38 Conscription
47:10 Medical Corps
49:54 Caravan
Big_Joe
10:29 Feudal Age
11:44 Double-Bit Axe
16:35 Castle Age
18:16 Horse Collar
19:11 Bow Saw
21:20 Loom
22:10 Wheelbarrow
22:18 Crossbowman
23:53 Padded Archer Armor
24:45 Hand Cart
24:48 Heavy Plow
24:58 Fishing Lines
26:49 Leather Archer Armor
26:42 Fletching
29:09 Ballistics
29:00 Masonry
31:00 Bodkin Arrow
40:57 Imperial Age
41:56 Pikeman
43:14 Halberdier
46:14 Ring Archer Armor
Connection lost

Rejoining the realm…

Still unreachable

The connection could not be restored.

Session expired

The server has moved on; the page needs a fresh start.